 Dungeon Crawl Stone Soup version 0.30.1-3-gfc49f6343a (webtiles) character file.

Game seed: 4321999633068126279

100 Atelerd the Digger (level 4, 0/42 HPs)
             Began as an Octopode Earth Elementalist on July 23, 2023.
             Succumbed to a water moccasin's poison
             ... in a sewer.
             The game lasted 00:02:25 (2352 turns).

Atelerd the Digger (Octopode Earth Elementalist)    Turns: 2352, Time: 00:02:26

Health: 0/42       AC:  1    Str:  7    XL:     4   Next: 74%
Magic:  7/8        EV: 13    Int: 19    God:
Gold:   130        SH:  0    Dex: 12    Spells: 3/8 levels left

rFire   . . .        d - +2 short sword (elec)
rCold   . . .        (no shield)
rNeg    . . .        (helmet restricted)
rPois   .            (no amulet)
rElec   .            (no ring)
rCorr   .            (no ring)
SInv    .            (no ring)
Will    .....        (no ring) Stlth
                     (no ring)
HPRegen 0.27/turn    (no ring)
MPRegen 0.11/turn    (no ring)
                     (no ring)

%: no passive effects
@: mighty, berserking, lethally poisoned (0 -> -17), very quick
A: almost no armour, amphibious, 8 rings, camouflage 1, gelatinous body 1,
(nimble swimmer 1), tentacles
a: no special abilities


You were in a sewer.
You visited 1 branch of the dungeon, and saw 3 of its levels.
You also visited: Sewer.

You collected 130 gold pieces.

Inventory:

Hand Weapons
 c - a +1 vampiric dagger
 d - a +2 short sword of electrocution (weapon)
Magical Staves
 p - a staff of poison
Scrolls
 b - 2 scrolls of teleportation
 k - a scroll of amnesia {unknown}
 l - a scroll of magic mapping
 m - a scroll of enchant weapon {unknown}
 n - a scroll of identify {unknown}
 q - a scroll of enchant armour {unknown}
Potions
 a - a potion of magic
 e - a potion of might
 f - a potion of flight {unknown}
 g - a potion of heal wounds {unknown}
 h - a potion of lignification {unknown}
 i - a potion of berserk rage
 j - a potion of invisibility {unknown}
 o - a potion of curing {unknown}


   Skills:
 - Level 1.0 Fighting
 - Level 1.0 Short Blades
 - Level 2.0 Dodging
 - Level 2.7 Stealth
 + Level 2.7 Spellcasting
 + Level 2.4 Transmutations
 + Level 3.7 Earth Magic


You had 3 spell levels left.
You knew the following spells:

 Your Spells              Type           Power      Damage    Failure   Level
a - Sandblast             Erth           32%        2d9       3%          1
b - Petrify               Tmut/Erth      14%        N/A       41%         4

Your spell library contained the following spells:

 Spells                   Type           Power      Damage    Failure   Level
 Passwall                 Tmut/Erth      11%        N/A       7%          2
 Wereblood                Tmut           11%        N/A       9%          2
 Sting                    Tmut/Pois      28%        1d4       10%         1
 Stone Arrow              Conj/Erth      18%        3d8       22%         3
 Poisonous Vapours        Pois/Air       4%         N/A       24%         2
 Sublimation of Blood     Necr           2%         N/A       24%         2
 Olgreb's Toxic Radiance  Pois           2%         N/A       83%         4
 Summon Hydra             Summ           1%         N/A       100%        7


Dungeon Overview and Level Annotations

Branches:
Dungeon (3/15)              Sewer (1/1)

Altars:
Ashenzari
Gozag
The Shining One


Innate Abilities, Weirdness & Mutations

You cannot wear most types of armour.
You are amphibious.
You can wear up to eight rings at the same time.
Your skin changes colour to match your surroundings (Stealth+).
Your rubbery body absorbs attacks. (AC +1, EV +1)
((You are camouflaged when in or above water. (Stealth+)))
You have tentacles for arms and can constrict up to eight enemies at once.


Message History

Lightning courses through the water moccasin!
Your grab misses the water moccasin.
The water moccasin is heavily wounded.
The water moccasin bites you but does no damage.
You closely miss the water moccasin. You grab the water moccasin.
The water moccasin is heavily wounded.
You constrict the water moccasin. The water moccasin barely misses you.
The water moccasin bites you!
You are poisoned.
The water moccasin poisons you!
You hit the water moccasin.
The water moccasin is heavily wounded.
You constrict the water moccasin, but do no damage.
You feel very sick.
The water moccasin completely misses you.
The blast of sand hits the water moccasin.
The water moccasin is severely wounded.
You constrict the water moccasin.
You feel very sick. The water moccasin barely misses you.
The water moccasin bites you!
* * * LOW HITPOINT WARNING * * *
It was a potion of might.
You feel very mighty all of a sudden.
You constrict the water moccasin.
* * * LOW HITPOINT WARNING * * *
You feel sick. The water moccasin barely misses you.
It was a potion of berserk rage.
A red film seems to cover your vision as you go berserk!
You feel yourself moving faster!
You feel mighty!
You constrict the water moccasin, but do no damage.
You feel sick.
The water moccasin bites you but does no damage.
The water moccasin bites you.
* * * LOW HITPOINT WARNING * * *
You are more poisoned.
The water moccasin poisons you!
You are too berserk!
You puncture the water moccasin!
You kill the water moccasin!
You die...

#..* #~.#
#.~* #..#
#..** ##~~#
#...* #...#
*#..###~.##
#...#...#
*#.~~~.##
#~....#
##..@##
**#~.†#**
#[.#~#.,*
#$$#.*[[*
##*##*###


There were no monsters in sight!

Vanquished Creatures
  A water moccasin (Sewer)
  3 adders
  2 worms (D:3)
  4 dart slugs
  An orc (D:3)
  5 endoplasms
  7 giant cockroaches
  4 goblins
  7 hobgoblins
  A jackal (Sewer)
  4 quokkas
  5 ball pythons
  5 bats
  2 frilled lizards
  3 kobolds (D:1)
  3 rats
57 creatures vanquished.

Notes
Turn   | Place    | Note
-------+----------+-------------------------------------------
     0 | D:1      | Atelerd the Octopode Earth Elementalist began the quest for
                  | the Orb.
     0 | D:1      | Reached XP level 1. HP: 11/11 MP: 3/3
   169 | D:1      | Reached XP level 2. HP: 17/17 MP: 3/5
   255 | D:1      | Found a faded altar of an unknown god.
   568 | D:1      | Reached XP level 3. HP: 21/21 MP: 4/6
  1357 | D:2      | Reached skill level 1 in Fighting
  1414 | D:2      | Reached skill level 1 in Short Blades
  1482 | D:2      | Reached XP level 4. HP: 28/28 MP: 4/7
  1575 | D:2      | Found a broken altar of Ashenzari.
  1882 | D:3      | Found a glowing golden altar of the Shining One.
  2045 | D:3      | Found an opulent altar of Gozag.
  2222 | D:3      | Found a glowing drain.
  2237 | Sewer    | Entered a sewer
  2333 | Sewer    | Noticed a water moccasin
  2340 | Sewer    | Learned a level 4 spell: Petrify
  2352 | Sewer    | Killed a water moccasin
  2352 | Sewer    | Succumbed to a water moccasin's poison

Illustrated notes

Levels and vault maps discovered:
D:1:      psy_arrival_spokes, layout_basic,
          dreamdust_ecumenical_altar_hidden_monk_grotto,
          minmay_worlds_worst_comb
D:2:      layout_loops_ring, basic_altar
D:3:      layout_basic, tso_metal_star,
          nicolae_gozag_cash_rules_everything_around_me,
          cheibrodos_sewer_entry_drain, uniq_crazy_yiuf_cottage, uniq_jessica
Sewer:    sewer_the_moccasin

Skill      XL: |  1  2  3 |
---------------+----------+-----
Fighting       | 1 |  1.0
Short Blades   | 1 |  1.0
Transmutations | 2 |  2.4
Dodging        | |  2.0
Stealth        | |  2.7
Spellcasting   | |  2.7
Earth Magic    | |  3.7

Action                     |  1- 3 |  4- 6 || total
---------------------------+-------+-------++-------
  Melee: Unarmed           |     8 |       ||     8
         Constrict         |     9 |     2 ||    11
         Tentacles         |     6 |       ||     6
         Short sword       |    14 |     5 ||    19
   Cast: Sandblast         |    49 |    28 ||    77
    Use: Scroll            |       |     2 ||     2
         Potion            |       |     2 ||     2
   Stab: Sleeping          |     1 |       ||     1
 Armour: Skin              |     1 |     3 ||     4
  Dodge: Dodged            |    20 |    15 ||    35
